← All builds
Tech / Armada / Economy first / OBSERVED BUILD

Rattlesnake defence

Armada Tech (Eco) build order · Supreme Isthmus

The Tech player fields early Rattlesnake pop-up artillery from around 8:39 to hold and push the middle, well ahead of the norm, before transitioning to typical Citadel/Umbrella defence.

Usually first T2 con to Geo (77%)

#artillery #defence #t2 · 30 distinct matches · 17 players · 2% of Armada Tech games · team won 53% of 30 · Recently observed

THE CATCH, AND WHAT COMES WITH IT
  • RattlesnakeEarly defence from 8:39 · 2% of role by thenOnly 2% of Tech games have it by then; others who build it get it around 11:07

Where those units first fight, in 18 games with kill data: in the middle 100%.

Those units destroy a typical 113 metal of enemy units by 15:00.

HOW TO PLAY IT

Key timing: Rattlesnake by 8:52

  1. Open mex and wind as standard tech eco rush.
  2. Build bot lab quickly to keep pace with normal tech timeline.
  3. Finish Advanced Bot Lab on the usual fast tech schedule.
  4. Start Rattlesnake pop-up defence far earlier than tech norm.
  5. Layer anti-nuke and Basilica as the defensive line matures.

Phase by phase

TYPICAL OF ITS 30 GAMES · AGAINST STANDARD TECH
  1. 1
  2. 2
  3. 3
  4. 4
  5. 5
PLAY THE OPENING

Follow the example game's first 9:39 step by step: what to build now, what comes next, and where it goes. At 1× it keeps pace with your own game.

  1. 1

    Up to the Bot Lab

    Economy
    • Metal Extractor3Mex
    • Wind Turbine4Wind
    Order
    1. Bot LabBot Lab after 3 mex, 4 winddone ~1:16, middle half 1:09–1:24

    By 0:59 in all: 3 mex · 4 wind

    The example game in this phase · 3 steps
    1. Mex ×3
    2. Wind ×3
    3. Bot LabBot Labdone 1:08 · typical 1:16
  2. 2

    Bot Lab to Advanced Bot Lab

    Economy
    • Metal Extractor1Mex
    • Wind Turbine9Wind
    • Energy Storage1Energy storage
    Order
    1. Advanced Bot LabAdvanced Bot Lab after 4 mex, 12 wind, 3 con turretdone ~4:21, middle half 4:07–4:33
    Builders
    • Construction Turret3 Con turret
    • Lazarus2 Lazarus
    • Construction Bot2 Con bot
    • Construction Bot1 Con bot for allies

    Some games also: converter (47%)

    By 3:23 in all: 4 mex · 12 wind · 1 energy storage · 3 con turret

    The example game in this phase · 22 steps
    1. Construction BotCon bot
    2. Wind ×4
    3. LazarusLazarus
    4. Wind ×3
    5. LazarusLazarus
    6. Mex
    7. Wind ×2
    8. Construction BotCon bot
    9. Energy storage
    10. Wind
    11. Construction BotCon botfor Air
    12. Con turret
    13. Wind
    14. Con turret
    15. LazarusLazarus
    16. Converter
    17. Wind ×2
    18. Converter
    19. Wind
    20. Converter
    21. Wind ×4
    22. Advanced Bot LabAdvanced Bot Labdone 4:34 · typical 4:21
  3. 3

    Advanced Bot Lab to 5:00

    Economy
    • Wind Turbine3Wind
    Builders
    • Advanced Construction Bot1 T2 con bot for allies

    Some games also: converter (37%)

    By 5:00 in all: 4 mex · 17 wind · 2 converter · 1 energy storage · 3 con turret

    The example game in this phase · 5 steps
    1. Converter
    2. Wind ×2
    3. Advanced Construction BotT2 con botfor Geo
    4. Wind
    5. Advanced Metal ExtractorT2 mex ×2done 5:20 · typical 5:16
  4. 4

    5:00 to Early defence

    Economy
    • Wind Turbine17Wind
    • Energy Converter3Converter+3 vs standard
    Order
    1. RattlesnakeEarly defence after 4 mex, 36 wind, 6 converterdone ~11:10, middle half 9:51–11:57
    Builders
    • Butler4 Butler
    • Advanced Construction Bot2 T2 con bot for allies
    • Advanced Construction Bot1 T2 con bot

    Some games also: Butler for allies (37%) · con turret (30%)

    By 8:34 in all: 4 mex · 36 wind · 6 converter (standard 4) · 1 energy storage · 3 con turret

    The example game in this phase · 12 steps
    1. Wind
    2. Advanced Metal ExtractorT2 mex
    3. Wind ×3
    4. Advanced Construction BotT2 con bot
    5. Wind
    6. ButlerButler ×2
    7. Advanced Metal ExtractorT2 mex
    8. Wind
    9. ButlerButler ×2
    10. Wind
    11. Advanced Construction BotT2 con botfor Air
    12. RattlesnakeRattlesnakedone 9:54 · typical 11:10
  5. 5

    Early defence to 15:00

    Economy
    • Wind Turbine133Wind
    • Energy Converter34Converter
    • Metal Storage1Metal storage
    Order
    1. Fusion ReactorFusion after 134 wind, 20 converter, 9 con turretin 50% of games
    Builders
    • Construction Turret7 Con turret
    • Butler3 Butler −3 vs standard
    • Advanced Construction Bot1 T2 con bot

    Some games also: fusion (50%) · T2 con bot for allies (47%) · Rattlesnake (37%) · T2 converter (33%) · anti-nuke (30%)

    By 15:00 in all: 4 mex · 196 wind · 43 converter · 1 energy storage · 1 metal storage · 10 con turret

    The example game in this phase · 163 steps
    1. Wind ×2
    2. ButlerButler ×2
    3. Wind ×2
    4. ButlerButler ×2
    5. Wind ×2
    6. ButlerButler
    7. Wind ×6
    8. Converter
    9. HoundHound
    10. Wind ×3
    11. Converter
    12. Wind ×5
    13. Converter
    14. Wind ×5
    15. ButlerButler
    16. Wind ×4
    17. ButlerButler
    18. Wind ×4
    19. Converter
    20. ButlerButler
    21. Wind ×4
    22. Converter
    23. Wind ×2
    24. Advanced Construction BotT2 con botfor Geo sea
    25. Wind ×2
    26. Converter
    27. Wind ×4
    28. Converter
    29. Wind ×5
    30. Converter
    31. Wind ×4
    32. Advanced Radar TowerAdvanced Radar Tower
    33. Wind ×4
    34. Converter
    35. Wind ×6
    36. Converter
    37. Wind ×7
    38. Converter
    39. Wind ×4
    40. ButlerButler
    41. Wind ×3
    42. Converter
    43. Wind ×2
    44. ButlerButler
    45. Wind ×7
    46. ButlerButler
    47. Wind
    48. Converter
    49. RattlesnakeRattlesnake
    50. Wind ×7
    51. Converter
    52. Wind
    53. Advanced Construction BotT2 con botfor Beach sea
    54. Wind ×3
    55. Converter ×2
    56. Wind ×5
    57. Converter ×2
    58. Wind ×4
    59. Converter
    60. Wind ×4
    61. Converter ×2
    62. Wind ×5
    63. Converter
    64. Wind
    65. Converter
    66. Wind ×4
    67. Converter
    68. Wind ×2
    69. Converter
    70. Wind ×2
    71. Converter
    72. Wind ×5
    73. Converter
    74. Wind
    75. Converter
    76. Wind ×6
    77. Converter
    78. Wind ×2
    79. Converter
    80. Wind ×4
    81. Converter
    82. Wind ×4
    83. Converter
    84. Wind ×3
    85. Converter
    86. Wind ×5
    87. Con turret
    88. Converter ×2
    89. Wind ×4
    90. Converter
    91. Wind ×3
    92. Con turret
    93. Wind ×4
    94. Converter
    95. Wind ×2
    96. Converter
    97. Wind ×2
    98. Con turret
    99. Wind ×2
    100. Converter
    101. Wind ×4
    102. Converter
    103. Wind
    104. Converter
    105. Wind ×3
    106. Converter ×2
    107. Wind ×3
    108. Converter
    109. Wind ×4
    110. Converter ×2
    111. Wind ×4
    112. Converter
    113. Wind ×2
    114. Converter ×2
    115. Wind ×4
    116. Converter
    117. Wind ×5
    118. Converter
    119. Wind ×2
    120. Converter
    121. Metal storage
    122. Wind ×4
    123. Con turret
    124. Wind ×2
    125. Converter
    126. Wind
    127. Converter
    128. Wind
    129. Con turret
    130. Wind ×4
    131. Converter
    132. Wind ×4
    133. Converter
    134. Wind ×2
    135. Converter
    136. Wind ×7
    137. Converter ×2
    138. Wind ×4
    139. Converter
    140. Experimental GantryExperimental Gantrydone 14:46
    141. Wind ×4
    142. Converter
    143. Wind ×9
    144. Converter ×2
    145. Wind ×8
    146. Converter ×2
    147. Wind ×6
    148. Converter
    149. Wind ×4
    150. Converter
    151. Wind ×3
    152. Converter
    153. Wind ×3
    154. MarauderMarauderdone 14:58
    155. Wind
    156. Converter
    157. Wind
    158. Converter
    159. Wind ×4
    160. Converter
    161. Wind ×2
    162. MarauderMarauder
    163. Wind ×2

Counts are medians over the build's games: half of them build more, half fewer. The example game is [NWP]1347's (36 OS, 25/09/2026); pick another.

Team trades

IN AT LEAST 30% OF ITS GAMES

You hand over

  • Construction Bot1 Con bot to Airfirst at 2:24 · in 77% of games
  • Advanced Construction Bot5 T2 con bot to Air or Geo sea or Pondfirst at 5:00 · in 100% of games
  • Butler3 Butler to Beach sea or Geo sea or Geofirst at 8:05 · in 47% of games

You get

  • Hercules1–2 Light transport from Airfirst at 4:07 · in 80% of games

How it plays out

Typical game of this build against the role’s standard build, running totals by minute

  • This build
  • Standard tech

Metal produced

020k40k
0:005:0010:0015:00

metal

Enemy metal destroyed

05001k1.5k
0:005:0010:0015:00

metal

Own metal lost

0100200300
0:005:0010:0015:00

metal

30 games.

Show as table
ByMetal produced: This buildMetal produced: Standard techEnemy metal destroyed: This buildEnemy metal destroyed: Standard techOwn metal lost: This buildOwn metal lost: Standard tech
1:003833830000
2:009169150000
3:00159416430000
4:00315631510000
5:00498048660000
6:00600658080000
7:00752672300000
8:00933790700000
9:0011778112490000
10:0014251135760000
11:00170711641247000
12:002018119973153000
13:002435823775575000
14:0028130275495858899106
15:0033395316161053323160206
WHAT THE NUMBERS SAY

Team won less often than the standard build despite slightly higher enemy metal destroyed and lower own losses by 15:00.

  • + Enemy metal destroyed by 15:00 above standard (1055 vs 400).
  • + Own metal lost by 15:00 slightly below standard (225 vs 260).
  • − Team win rate below standard (43% vs 53%).
  • − Delays combat entirely: first kill and first loss both far later than tech norm (10:06/10:21).
THE EXAMPLE YOU ARE READING

[NWP]1347

36.0 OS · 25/09/2026

Open source match ↗

1 received units
631 metal received · 12009 energy received

Allied construction assistance is unknown. Timings are observations, not a promise of solo reproducibility.

Typical milestones

Bot Lab1:16Middle 50%: 1:09–1:24 · n=30
Advanced Bot Lab4:21Middle 50%: 4:07–4:33 · n=30
Advanced Metal Extractor5:16Middle 50%: 4:59–5:39 · n=30
Rattlesnake11:10Middle 50%: 9:51–11:57 · n=27

Played most by

GeeGee6games of this build[NWP]13474games of this buildRogShotz3games of this buildAmrissa2games of this buildDamsko2games of this build